 Dungeon Crawl Stone Soup version 0.19.1 (webtiles) character file.

31 inmateoo the Cutter (level 3, 0/24 HPs)
             Began as a Kobold Chaos Knight on Nov 24, 2016.
             Slain by a kobold
             ... wielding a +0 whip
              (5 damage)
             ... on level 2 of the Dungeon.
             The game lasted 00:01:31 (886 turns).

inmateoo the Cutter (Kobold Chaos Knight)            Turns: 886, Time: 00:01:31

Health: 0/24       AC:  9    Str:  9    XL:     3   Next: 40%
Magic:  3/3        EV: 15    Int: 13    God:    Xom [..*...]
Gold:   53         SH:  0    Dex: 15    Spells: 0 memorised, 2 levels left

rFire  . . .     SeeInvis .     a - +0 short sword (chaos)
rCold  . . .     Gourm    .     b - +2 leather armour
rNeg   . . .     Faith    .     (shield restricted)
rPois  .         Spirit   .     k - +0 helmet
rElec  .         Reflect  .     j - +1 cloak
rCorr  .         Harm     .     l - +0 pair of gloves
MR     .....                    (no boots)
Stlth  ++........               (no amulet)
                                (no ring)
                                (no ring)

@: no status effects
A: carnivore 3
a: Renounce Religion


You were on level 2 of the Dungeon.
You worshipped Xom.
You were a toy of Xom.
You were very full.

You visited 1 branch of the dungeon, and saw 2 of its levels.

You collected 53 gold pieces.

Inventory:

Hand Weapons
 a - a +0 short sword of chaos (weapon)
Armour
 b - a +2 leather armour (worn)
 j - a +1 cloak (worn)
 k - a +0 helmet (worn)
 l - a +0 pair of gloves (worn)
Scrolls
 f - 2 scrolls of enchant armour {unknown}
 g - a scroll of immolation {unknown}
 m - a scroll of remove curse {unknown}
Potions
 d - a potion of agility {unknown}
 e - a potion of curing {unknown}
 h - a potion of berserk rage {unknown}
 i - a potion of brilliance {unknown}
Comestibles
 c - 2 meat rations


   Skills:
 + Level 3.9 Fighting
 * Level 4.3 Short Blades
 - Level 0.7 Armour
 + Level 2.8 Dodging
 + Level 1.5 Stealth


You had 2 spell levels left.
You didn't know any spells.

Dungeon Overview and Level Annotations

Branches:
Dungeon (2/15)

Altars:

Annotations:
D:2 Sigmund


Innate Abilities, Weirdness & Mutations

You are small and have problems with some larger weapons.
You are carnivorous and can eat meat at any time.


Message History

You barely miss the kobold.
Sigmund gestures wildly while chanting.
Sigmund flickers and vanishes!
Deactivating autopickup; reactivate with Ctrl-A.
The kobold hits you but does no damage. Something hits you.
Unknown command.
You hit something. The kobold closely misses you.
Unknown command.
Something hits you but does no damage. The kobold closely misses you.
Found 12 gold pieces.
Something closely misses you.
A puff of flame appears from out of thin air!
The puff of flame hits you!
* * * LOW HITPOINT WARNING * * *
Something tries to affect you, but you resist.
There is a stone staircase leading down here.
The kobold hits you with a whip.
You die...
Xom yawns loudly!

..##.#..######..##.#.#######.#. .
...............###.#.........#.
.. ##.......>#........†.........
... #.......##.......†...##.##..
....##.......##........†.........
.............#..........####....#
....##..$..........%.............
... #..................####....†
...##..[.....#K@.......#......##
.............###..........##.....
####.#..###### #......###....##..
...#.## #..........#####..
$......# #.......#### ###
.....### #$.....## ..... #......#
.... #......# .. .


You could see a kobold.

Vanquished Creatures
  An adder (D:2)
  2 worms (D:2)
  A bat (D:1)
  A giant cockroach (D:1)
  A hobgoblin (D:1)
  2 jackals (D:2)
  A ball python (D:1)
  2 frilled lizards (D:2)
  3 goblins (D:1)
  3 kobolds (D:1)
  A rat (D:1)
18 creatures vanquished.

Notes
Turn   | Place    | Note
-------+----------+-------------------------------------------
     0 | D:1      | inmateoo the Kobold Chaos Knight began the quest for the Orb.
     0 | D:1      | Reached XP level 1. HP: 14/14 MP: 1/1
     0 | D:1      | Noticed a troll
     4 | D:1      | Noticed a spriggan
     4 | D:1      | Noticed an octopode
     7 | D:1      | Noticed an elf
     9 | D:1      | Noticed a minotaur zombie
    11 | D:1      | Noticed a felid
    13 | D:1      | Noticed a ghoul
    15 | D:1      | Noticed a minotaur zombie
    17 | D:1      | Noticed a dwarf
    19 | D:1      | Noticed a minotaur
    21 | D:1      | Noticed a felid
   310 | D:1      | Reached XP level 2. HP: 19/19 MP: 2/2
   310 | D:1      | XOM: divination: magic mapping
   398 | D:1      | Reached skill level 1 in Stealth
   425 | D:1      | XOM: cloud trail
   508 | D:1      | XOM: harmless Air miscast
   826 | D:2      | Reached XP level 3. HP: 24/24 MP: 3/3
   872 | D:2      | Noticed Sigmund
   886 | D:2      | Slain by a kobold

Skill      XL: |  1  2 |
---------------+-------+-----
Stealth        | 1 |  1.5
Fighting       | |  3.9
Short Blades   | |  4.3
Armour         | |  0.7
Dodging        | |  2.8

Action                   || total
-------------------------++-------
Melee: Short sword       ||    54
 Stab: Sleeping          ||     3
  Eat: Chunk             ||     7
Armor: Leather armour    ||    10
Dodge: Dodged            ||    34
